 Dungeon Crawl Stone Soup version 0.30-a0-591-g3c58d2bc28 (webtiles) character file.

Game seed: 11894848065284142217

28 flotson the Sneak (level 2, -6/24 HPs)
             Began as a Demonspawn Delver on Jan 5, 2023.
             Mangled by an iguana (10 damage)
             ... on level 5 of the Dungeon.
             The game lasted 00:00:33 (43 turns).

flotson the Sneak (Demonspawn Delver)                 Turns: 43, Time: 00:00:34

Health: -6/24      AC:  5    Str: 12    XL:     2   Next: 96%
Magic:  2/2        EV: 10    Int: 11    God:
Gold:   0          SH:  0    Dex: 14    Spells: 1/1 levels left

rFire   . . .      SeeInvis .    a - +0 hand axe
rCold   . . .      Faith    .    (no shield)
rNeg    . . .      Spirit   .    h - +0 ring mail
rPois   .          Reflect  .    (no helmet)
rElec   .          Harm     .    (no cloak)
rCorr   .          Rampage  .    (no gloves)
Will    .....                    (no boots)
Stlth   ++                       (no amulet)
HPRegen 0.24/turn                (no ring)
MPRegen 0.08/turn                (no ring)

@: hasted, very quick
A: weakness stinger 1
a: no special abilities


You were on level 5 of the Dungeon.
You visited 1 branch of the dungeon, and saw 1 of its levels.

Inventory:

Hand Weapons
 a - a +0 hand axe (weapon)
Armour
 h - a +0 ring mail (worn)
Wands
 g - a wand of digging (3)
Scrolls
 c - a scroll of fog
 d - a scroll of magic mapping
 e - a scroll of fear


   Skills:
 + Level 3.2 Fighting
 + Level 2.0 Axes
 + Level 0.8 Armour
 + Level 2.0 Dodging
 + Level 4.7 Stealth
 + Level 0.7 Evocations


You had one spell level left.
You didn't know any spells.
Your spell library was empty.

Dungeon Overview and Level Annotations

Branches:
Dungeon (5/15)
 Temple: D:4-7

Altars:


Innate Abilities, Weirdness & Mutations

You have a small tail.


Message History

You closely miss the hound.
The hound is almost dead.
The hound closely misses you.
You barely miss the hound.
The hound is almost dead.
The hound bites you.
You closely miss the hound.
The hound is almost dead.
The hound closely misses you. The hound bites you but does no damage.
You closely miss the hound.
The hound is almost dead.
You closely miss the iguana. The hound bites you.
You closely miss the hound.
The hound is almost dead.
You barely miss the iguana. The iguana closely misses you.
The hound misses you.
You miss the hound.
The hound is almost dead.
You barely miss the iguana. The hound bites you but does no damage.
The iguana bites you!
Ouch! That really hurt!
* * * LOW HITPOINT WARNING * * *
You closely miss the hound.
The hound is almost dead.
You hit the iguana but do no damage. The hound closely misses you.
The iguana completely misses you. The hound closely misses you.
You hit the hound.
You kill the hound!
You hit the iguana but do no damage. The iguana barely misses you.
Your Axes skill increases to level 2!
Your Dodging skill increases to level 2!
You have reached level 2!
Your demonic ancestry asserts itself...
You grow a small tail.
You hit the iguana but do no damage.
Your tail-slap misses the iguana.
You hit the iguana but do no damage. The iguana barely misses you.
You hit the iguana.
The iguana is lightly wounded.
The iguana bites you!
You die...

..........#
#..........#
#..........#
#..........#
#...###....#
###...###....#
.......#.[...#
.......#.....#
......l@.....#
#.....†##....#
#...... #....#
+...... ######
#......
#......
#......
#......


You could see an iguana.

Vanquished Creatures
  A hound (D:5)
1 creature vanquished.

Notes
Turn   | Place    | Note
-------+----------+-------------------------------------------
     0 | D:5      | flotson the Demonspawn Delver began the quest for the Orb.
     0 | D:5      | Reached XP level 1. HP: 18/18 MP: 1/1
    23 | D:5      | Noticed a hound
    28 | D:5      | Noticed an iguana
    40 | D:5      | Killed a hound
    41 | D:5      | Gained mutation: You have a small tail. [demonic ancestry]
    41 | D:5      | Reached XP level 2. HP: 3/24 MP: 2/2
    43 | D:5      | Mangled by an iguana

Illustrated notes

Levels and vault maps discovered:
D:5:      layout_gridville, serial_shops, nicolae_shop_crystal, uniq_menkaure,
          uniq_eustachio

Skill      XL: |  1 |
---------------+----+-----
Axes           | 2 |  2.0
Dodging        | 2 |  2.0
Fighting       | |  3.2
Armour         | |  0.8
Stealth        | |  4.7
Evocations     | |  0.7

Action                   || total
-------------------------++-------
Melee: Hand axe          ||    18
  Use: Potion            ||     1
Armor: Ring mail         ||     3
Dodge: Dodged            ||    15

Table legend: (Time is in decaauts)
 A = Elapsed time spent in this place.
 B = Non-inter-level travel time spent in this place.
 C = Inter-level travel time spent in this place.
 D = Time resting spent in this place.
 E = Time spent auto-exploring this place.
 F = Levels seen in this place.
 G = Mean time per level.
                   A        B        C        D        E       F      G
               +--------+--------+--------+--------+--------+-----+--------+
         Total |     39 |     39 |      0 |      0 |      4 |   1 |   39.0 |
       Dungeon |     39 |     39 |      0 |      0 |      4 |   1 |   39.0 |
               +--------+--------+--------+--------+--------+-----+--------+

Top non-repeatable levels by time:
     D:5: 39 daAuts
